[Event "Titled Tuesday Blitz July 05 Late 2022"]
[White "Shuvalova, Polina"]
[Black "Zhigalko, Sergei"]
[WhiteFideId "24171760"]
[BlackFideId "13502956"]
[WhiteElo "2330"]
[BlackElo "2662"]
[Result "1/2-1/2"]
[Round "02"]
[TimeControl "180+1"]
[Date "2022.07.05"]
[WhiteClock "0:01:04"]
[BlackClock "0:00:02"]

1. d4 Nf6 2. Nf3 e6 3. Bf4 b6 4. e3 Bb7 5. Nbd2 Nh5 6. Bg5 Be7 7. Bxe7 Qxe7 8. Be2 O-O 9. O-O f5 10. c4 d6 11. Rc1 Nd7 12. b4 c5 13. a3 Nhf6 14. Qc2 Rac8 15. Rfd1 Rfd8 16. Qb2 Rc7 17. h3 Rdc8 18. Nf1 Ne4 19. N1d2 Ndf6 20. Nxe4 Nxe4 21. dxc5 bxc5 22. bxc5 Nxc5 23. Nd4 a6 24. Qd2 Be4 25. Rc3 Rb8 26. Qe1 Na4 27. Rcc1 Qg5 28. Bf3 Bxf3 29. Nxf3 Qe7 30. Rb1 Rbc8 31. Qa5 Nc5 32. Nd4 h6 33. Rb2 Kh7 34. Rdb1 Qg5 35. Qb6 Qe7 36. Qa5 Qg5 37. Qb6 Na4 38. Qxd6 Nxb2 39. Rxb2 Qe7 40. Qxa6 Rxc4 41. Qxe6 Qxe6 42. Nxe6 Rc1+ 43. Kh2 R8c2 44. Rxc2 Rxc2 45. Kg3 Ra2 46. Nd4 g6 47. Nb5 Rb2 48. Nd4 Ra2 49. Nb5 Kg7 50. h4 h5 51. Kf3 Kf6 52. g3 Kg7 53. Kg2 Kf6 54. Kf3 Ke5 55. Kg2 Ra1 56. Kf3 Ra2 57. Kg2 Ra1 58. Kf3 Ra2 1/2-1/2


[Site "https://www.chess.com"]

[Event "Titled Tuesday Blitz July 05 Late 2022"]
[White "Silva, Kaua Marques"]
[Black "Araujo Sanchez, Josue"]
[WhiteFideId "22701168"]
[BlackFideId "6416896"]
[WhiteElo "2071"]
[BlackElo "2358"]
[Result "0-1"]
[Round "02"]
[TimeControl "180+1"]
[Date "2022.07.06"]
[WhiteClock "0:00:01"]
[BlackClock "0:01:15"]

1. e4 c5 2. Nf3 d6 3. Nc3 a6 4. d4 cxd4 5. Nxd4 Nf6 6. Be3 e5 7. Nf3 Be7 8. h3 Qc7 9. a4 b6 10. Nd2 Bb7 11. Bc4 Nbd7 12. Qf3 O-O-O 13. O-O Kb8 14. b4 Rhf8 15. a5 b5 16. Nxb5 axb5 17. Bxb5 Nxe4 18. Nxe4 f5 19. Qe2 Bxe4 20. c4 Ba8 21. a6 Nf6 22. a7+ Kc8 23. Qa2 Rd7 24. Qa6+ Qb7 25. Bxd7+ Kxd7 26. Qxb7+ Bxb7 27. Rfd1 Ra8 28. b5 Kc7 29. Rab1 f4 30. Bd2 Nd7 31. Ba5+ Kc8 32. b6 Bc6 33. Bb4 Nc5 34. Bxc5 dxc5 35. Re1 Bf6 36. Rbd1 Kb7 37. Rd6 Kxb6 38. Re6 Rxa7 39. Rd1 Kc7 40. h4 Ba4 41. Rd5 Ra5 42. g4 fxg3 43. fxg3 h5 44. Kg2 Bb3 45. Re8 Bxc4 46. Rd1 Ra2+ 47. Kh3 Bb5 48. Re6 Bd7 0-1


[Site "https://www.chess.com"]

[Event "Titled Tuesday Blitz July 05 Late 2022"]
[White "Soham Kamotra"]
[Black "Meshkovs, Nikita"]
[WhiteFideId "46647490"]
[BlackFideId "11602740"]
[WhiteElo "2082"]
[BlackElo "2506"]
[Result "0-1"]
[Round "02"]
[TimeControl "180+1"]
[Date "2022.07.05"]
[WhiteClock "0:00:17"]
[BlackClock "0:01:15"]

1. d4 Nf6 2. Nf3 e6 3. Bf4 c5 4. c3 d5 5. e3 Bd6 6. Nbd2 Qc7 7. Bxd6 Qxd6 8. Ne5 O-O 9. Bd3 b6 10. Qe2 Nfd7 11. f4 f6 12. Qh5 f5 13. g4 Nf6 14. Qh4 Ne4 15. Nxe4 fxe4 16. Be2 cxd4 17. cxd4 Qb4+ 18. Kf2 Nd7 19. Nc6 Qd6 20. Rhc1 Bb7 21. Qe7 Qxe7 22. Nxe7+ Kf7 23. Nc6 Rfc8 24. Ne5+ Nxe5 25. dxe5 a5 26. Bb5 Rc5 27. Rxc5 bxc5 28. f5 exf5 29. gxf5 g6 30. Kg3 gxf5 31. Kf4 Rg8 32. h3 Ke6 33. Rc1 c4 34. Rxc4 dxc4 35. Bxc4+ Bd5 0-1


[Site "https://www.chess.com"]

[Event "Titled Tuesday Blitz July 05 Late 2022"]
[White "Souleidis, Georgios"]
[Black "Keymer, Vincent"]
[WhiteFideId "4206827"]
[BlackFideId "12940690"]
[WhiteElo "2401"]
[BlackElo "2548"]
[Result "0-1"]
[Round "02"]
[TimeControl "180+1"]
[Date "2022.07.05"]
[WhiteClock "0:00:02"]
[BlackClock "0:00:03"]

1. e4 c6 2. d4 d5 3. e5 Bf5 4. h4 h6 5. g4 Be4 6. f3 Bh7 7. e6 Nf6 8. exf7+ Kxf7 9. Nc3 Qd6 10. f4 c5 11. Nf3 cxd4 12. Ne5+ Kg8 13. Nb5 Qb4+ 14. Bd2 Qc5 15. b4 Qc8 16. Nxd4 Be4 17. Rh2 Nbd7 18. Nxd7 Qxd7 19. Bh3 h5 20. gxh5 Qe8 21. Be6+ Kh7 22. Qe2 Qxh5 23. Qxh5+ Nxh5 24. O-O-O g6 25. c3 Bg7 26. Kb2 Rhf8 27. Rf1 Rad8 28. Bg4 Rd6 29. Be3 Nf6 30. Be2 a6 31. h5 gxh5 32. Bxh5 Nxh5 33. Rxh5+ Rh6 34. Rxh6+ Bxh6 35. a3 Rg8 36. Rf2 Rg3 37. Bc1 Rh3 38. f5 Bxc1+ 39. Kxc1 Kg7 40. Kb2 Kf7 41. Ne6 Kf6 42. Nc5 b6 43. Nxa6 Bxf5 44. Nc7 e6 45. Nb5 Ke5 46. a4 Bd3 47. Nd4 Re3 48. Rh2 Kd6 49. Rh6 Kd7 50. Rf6 e5 51. Rxb6 exd4 52. cxd4 Bc4 53. a5 Kc7 54. Kc1 Rd3 55. Kc2 Rxd4 56. Rh6 Re4 57. Kc3 Bb5 58. Kb3 Re3+ 59. Kb2 d4 60. Rb6 Bc4 61. Rh6 Re2+ 62. Kc1 d3 63. Rh4 Bb3 64. Rd4 Rc2+ 65. Kb1 Bc4 0-1


[Site "https://www.chess.com"]

[Event "Titled Tuesday Blitz July 05 Late 2022"]
[White "Svane, Rasmus"]
[Black "Arabidze, Meri"]
[WhiteFideId "4657101"]
[BlackFideId "13604040"]
[WhiteElo "2674"]
[BlackElo "2335"]
[Result "1-0"]
[Round "02"]
[TimeControl "180+1"]
[Date "2022.07.05"]
[WhiteClock "0:00:17"]
[BlackClock "0:00:01"]

1. Nf3 f5 2. d3 d6 3. e4 e5 4. Nc3 Nf6 5. exf5 Bxf5 6. d4 Nc6 7. Bb5 a6 8. Bxc6+ bxc6 9. dxe5 dxe5 10. Qe2 Bd6 11. Bg5 O-O 12. O-O h6 13. Bxf6 Qxf6 14. Ne4 Qf7 15. Nfd2 a5 16. a4 Qg6 17. f3 Kh8 18. Rad1 Rab8 19. b3 Bb4 20. Nc4 Bxe4 21. Qxe4 Qxe4 22. fxe4 Bc3 23. g3 Kg8 24. Kg2 Rxf1 25. Kxf1 Rf8+ 26. Ke2 g5 27. Rd3 Bd4 28. Rf3 Ra8 29. Rf6 Kg7 30. Rxc6 Rf8 31. Rxc7+ Kg6 32. Ne3 Kh5 33. Nf5 Kg4 34. Nxh6+ Kh3 35. Nf5 Kxh2 36. Kf3 Kg1 37. c3 Bf2 38. Rd7 Kf1 39. Rd1+ Be1 40. b4 Rf7 41. g4 axb4 42. cxb4 Rf8 43. b5 1-0


[Site "https://www.chess.com"]

[Event "Titled Tuesday Blitz July 05 Late 2022"]
[White "Swiercz, Dariusz"]
[Black "Kozionov, Kirill"]
[WhiteFideId "1126881"]
[BlackFideId "24101729"]
[WhiteElo "2627"]
[BlackElo "2426"]
[Result "1-0"]
[Round "02"]
[TimeControl "180+1"]
[Date "2022.07.05"]
[WhiteClock "0:00:11"]
[BlackClock "0:00:05"]

1. e4 c5 2. Nf3 d6 3. d4 cxd4 4. Nxd4 Nf6 5. Nc3 a6 6. Be2 e5 7. Nb3 Be7 8. Bg5 Nbd7 9. a4 b6 10. Bc4 Bb7 11. Nd2 O-O 12. O-O h6 13. Be3 Qc7 14. Qe2 Rfc8 15. Bb3 Nc5 16. Bxc5 Qxc5 17. Rfd1 Bc6 18. Nf1 b5 19. axb5 axb5 20. Rxa8 Rxa8 21. Ng3 g6 22. Nd5 Nxd5 23. Bxd5 b4 24. Nf1 Bg5 25. g3 h5 26. h4 Bh6 27. Kg2 Rc8 28. Bb3 Kg7 29. Kg1 Rc7 30. Nh2 Ra7 31. Nf3 Rd7 32. Ng5 Bxg5 33. hxg5 Ra7 34. Qf3 Kf8 35. Kh2 Rd7 36. Rd2 Ke8 37. Re2 Kd8 38. Bxf7 Kc7 39. Bxg6 d5 40. Bf5 Rg7 41. g6 d4 42. Qxh5 Qe7 43. Qh6 Qf6 44. Re1 Kb6 45. Kg1 Rg8 46. Qh4 Qf8 47. Qg5 Qg7 48. Be6 Rh8 49. Bf5 Rf8 50. g4 Rh8 51. Kg2 Rg8 52. Rh1 Qf8 53. Rh7 Qc5 54. Qe7 Qxc2 55. Qc7+ Kb5 56. Qxe5+ Ka4 57. Ra7+ Kb3 58. Be6+ Kxb2 59. Qxd4+ Kb1 60. Ba2+ Kc1 61. Bxg8 Bxe4+ 62. Kg3 Bd3 63. Rb7 Qd2 64. Qe3 b3 65. Rxb3 Kc2 66. Rxd3 Qxd3 67. Qxd3+ Kxd3 68. g7 Kd4 69. Ba2 Ke5 70. g8=Q Kf6 71. Qf7+ Ke5 72. Qd5+ Kf6 73. Qe6+ Kg7 74. Qf7+ Kh6 75. Qh5+ Kg7 76. Qg5+ Kh8 77. Qg8# 1-0


[Site "https://www.chess.com"]

[Event "Titled Tuesday Blitz July 05 Late 2022"]
[White "Tabatabaei, M. Amin"]
[Black "Saveliev, Alexei"]
[WhiteFideId "12521213"]
[BlackFideId "24128546"]
[WhiteElo "2544"]
[BlackElo "2281"]
[Result "1-0"]
[Round "02"]
[TimeControl "180+1"]
[Date "2022.07.05"]
[WhiteClock "0:01:20"]
[BlackClock "0:00:06"]

1. d4 g6 2. e4 Bg7 3. Nc3 d6 4. Be3 Nc6 5. Qd2 e5 6. Nge2 f5 7. dxe5 Nxe5 8. Nf4 Nf6 9. exf5 Bxf5 10. O-O-O O-O 11. f3 a6 12. h4 h5 13. Kb1 b5 14. Be2 Qd7 15. Ncd5 Rae8 16. Nxf6+ Bxf6 17. g4 hxg4 18. fxg4 Be4 19. g5 Bg7 20. h5 Nc4 21. Bxc4+ bxc4 22. hxg6 Rb8 23. Bd4 Bxh1 24. Rxh1 Bxd4 25. Qxd4 Qg7 26. Qd5+ 1-0


[Site "https://www.chess.com"]

[Event "Titled Tuesday Blitz July 05 Late 2022"]
[White "Tanenbaum, Zachary"]
[Black "Melikhov, Evgeny V."]
[WhiteFideId "2060850"]
[BlackFideId "4122046"]
[WhiteElo "2175"]
[BlackElo "1995"]
[Result "1-0"]
[Round "02"]
[TimeControl "180+1"]
[Date "2022.07.06"]
[WhiteClock "0:00:29"]
[BlackClock "0:00:56"]

1. e4 e5 2. Nf3 Nc6 3. Bc4 Nf6 4. d3 Be7 5. O-O O-O 6. Re1 d6 7. a4 a5 8. Nbd2 Be6 9. c3 Qd7 10. Qb3 Bxc4 11. Nxc4 Nd8 12. d4 exd4 13. cxd4 d5 14. Nce5 Qd6 15. exd5 Qxd5 16. Qc2 Bd6 17. Bg5 Nc6 18. Bxf6 gxf6 19. Ng4 Kg7 20. Qxh7+ Kxh7 21. Nxf6+ Kg7 22. Nxd5 Rfe8 23. g3 Nb4 24. Nxb4 Bxb4 25. Rxe8 Rxe8 26. Kf1 c6 27. Rd1 b5 28. Ne5 c5 29. axb5 cxd4 30. Nc6 Bc5 31. Nxa5 Rb8 32. Nb3 Rxb5 33. Nxc5 Rxc5 34. Rxd4 Rc2 35. b4 Rb2 36. h4 Kg6 37. Rf4 f5 38. Ke1 Kf6 39. Kd1 Ke5 40. Kc1 Ra2 41. b5 Ra5 42. Rb4 Ra7 43. b6 Rb7 44. Kd2 Kd5 45. Ke3 Kc5 46. Rb1 Kc6 47. Kf4 Kd5 48. Kxf5 Rf7+ 49. Kg6 Ke6 50. b7 1-0


[Site "https://www.chess.com"]

[Event "Titled Tuesday Blitz July 05 Late 2022"]
[White "Tica, Sven"]
[Black "Timofeev, Artyom"]
[WhiteFideId "14526948"]
[BlackFideId "4140419"]
[WhiteElo "2346"]
[BlackElo "2578"]
[Result "1/2-1/2"]
[Round "02"]
[TimeControl "180+1"]
[Date "2022.07.05"]
[WhiteClock "0:00:17"]
[BlackClock "0:00:24"]

1. e4 c6 2. Nf3 d5 3. d3 dxe4 4. dxe4 Qxd1+ 5. Kxd1 g6 6. a4 Bg7 7. h3 Nf6 8. Nbd2 Nbd7 9. Bc4 a5 10. c3 Nc5 11. Re1 Nfd7 12. Kc2 Nb6 13. b3 Nxc4 14. Nxc4 Be6 15. Ncd2 O-O-O 16. Ba3 Nd3 17. Rf1 Rhe8 18. Ng5 Bh6 19. Ndf3 Nf4 20. Nxe6 Nxe6 21. Rad1 Bg7 22. g3 h5 23. Rxd8+ Kxd8 24. Rd1+ Kc7 25. Rd3 Bf6 26. Bc1 b5 27. Be3 bxa4 28. bxa4 Rg8 29. Rd1 g5 30. e5 Bh8 31. g4 hxg4 32. hxg4 f6 33. exf6 Bxf6 34. Rb1 Rf8 35. Nd2 Be5 36. Nc4 Bf4 37. Bb6+ Kc8 38. Bxa5 Bc7 39. Bb6 Bxb6 40. Rxb6 Rxf2+ 41. Kb3 Kc7 42. a5 Nc5+ 43. Ka3 Rc2 44. Kb4 Nd3+ 45. Kb3 Rc1 46. a6 Rb1+ 47. Kc2 Rxb6 48. Nxb6 Ne1+ 49. Kd2 Kxb6 50. Kxe1 Kxa6 51. Ke2 Kb5 52. Ke3 Kc4 53. Ke4 Kxc3 54. Kf5 c5 55. Kxg5 c4 56. Kf5 Kb3 57. g5 c3 58. g6 c2 59. g7 c1=Q 60. g8=Q+ Qc4 61. Qxc4+ Kxc4 62. Ke6 Kd4 63. Kxe7 1/2-1/2


[Site "https://www.chess.com"]

[Event "Titled Tuesday Blitz July 05 Late 2022"]
[White "Tokhirjonova, Gulrukhbegim"]
[Black "Maghsoodloo, Parham"]
[WhiteFideId "14203626"]
[BlackFideId "12539929"]
[WhiteElo "2227"]
[BlackElo "2607"]
[Result "0-1"]
[Round "02"]
[TimeControl "180+1"]
[Date "2022.07.05"]
[WhiteClock "0:00:11"]
[BlackClock "0:00:53"]

1. e4 e5 2. Nf3 Nc6 3. Bb5 Nf6 4. d3 Bc5 5. c3 O-O 6. O-O Re8 7. Bg5 h6 8. Bh4 a6 9. Ba4 g5 10. Bg3 b5 11. Bb3 d6 12. d4 Bb6 13. dxe5 dxe5 14. Nbd2 Bg4 15. Qe2 Na5 16. Bc2 Nh5 17. Rad1 Qf6 18. Kh1 Nf4 19. Bxf4 Qxf4 20. h3 Bh5 21. g4 Bg6 22. Rfe1 Rad8 23. Kg2 h5 24. Nh2 hxg4 25. hxg4 Kg7 26. Ndf3 Nc4 27. b3 Nd6 28. Qd2 f6 29. Qxf4 exf4 30. Nf1 c5 31. N1d2 Nf7 32. c4 Ba5 33. Rh1 Bxd2 34. Nxd2 Ne5 35. f3 Rd4 36. Nb1 bxc4 37. Rxd4 cxd4 38. bxc4 Bf7 39. Rd1 Rd8 40. Bb3 Bxc4 41. Nd2 Bxb3 42. axb3 Rc8 43. Kf2 Rc3 44. Ke2 Re3+ 45. Kf2 Nd3+ 46. Kg2 Nc5 47. Ra1 Re2+ 0-1


[Site "https://www.chess.com"]

[Event "Titled Tuesday Blitz July 05 Late 2022"]
[White "Tomiello, Lucas Costamilan"]
[Black "Zhou, Qiyu"]
[WhiteFideId "22701940"]
[BlackFideId "505161"]
[WhiteElo "1998"]
[BlackElo "1925"]
[Result "1/2-1/2"]
[Round "02"]
[TimeControl "180+1"]
[Date "2022.07.06"]
[WhiteClock "0:00:13"]
[BlackClock "0:00:04"]

1. e4 e5 2. Nf3 Nc6 3. Bc4 Bc5 4. Nc3 Nf6 5. d3 O-O 6. Bg5 h6 7. Bh4 Be7 8. a3 d6 9. h3 Be6 10. Bxe6 fxe6 11. O-O d5 12. Re1 d4 13. Nb1 Qe8 14. Bg3 Bd6 15. Nbd2 Nh5 16. Kh2 Nf4 17. Bxf4 exf4 18. e5 Be7 19. Qe2 Rd8 20. Qe4 Rf5 21. Nc4 Qh5 22. a4 Bf8 23. Rf1 g5 24. g4 fxg3+ 25. fxg3 Qf7 26. Kg2 Bg7 27. h4 Rf8 28. hxg5 hxg5 29. Nxg5 Qg6 30. Rxf5 Rxf5 31. Nf3 Bh6 32. g4 Qg7 33. Rg1 Rf4 34. Qe2 Rxg4+ 35. Kf2 Rxg1 36. Nxg1 Bf4 37. Nf3 Qg3+ 38. Kf1 Qh3+ 39. Qg2+ Qxg2+ 40. Kxg2 Kf7 41. Kh3 Kg6 42. Kg4 Bc1 43. b3 Ne7 44. Nh4+ Kf7 45. Kf3 Nd5 46. Ke4 Be3 47. Na5 b6 48. Nc6 Nc3+ 49. Kf3 a5 50. Ng2 Bg5 51. Nxd4 Nd1 52. Nb5 Nb2 53. Nxc7 Nd1 54. Na8 Bd8 55. Nf4 Ke7 56. Ke2 Nc3+ 57. Ke3 Kd7 58. d4 Nd1+ 59. Kd3 Nf2+ 60. Ke2 Ne4 61. d5 exd5 62. e6+ Kc6 63. Ke3 Nd6 64. Kd4 Nf5+ 65. Ke5 Ne3 66. Ng6 Nxc2 67. e7 Bxe7 68. Nxe7+ Kb7 69. Nxd5 Kxa8 70. Nxb6+ Kb7 71. Nc4 Nb4 72. Nxa5+ Kb6 73. Nc4+ Kc5 74. Ke4 Nc6 75. Kd3 Kb4 76. Nd2 Na5 77. Kc2 Nc6 78. Kb2 Nd4 79. a5 Kxa5 80. Kc3 Nxb3 1/2-1/2


[Site "https://www.chess.com"]

[Event "Titled Tuesday Blitz July 05 Late 2022"]
[White "Xiong, Jeffery"]
[Black "Diaz Perez, Michel Alejandro"]
[WhiteFideId "2047640"]
[BlackFideId "3517179"]
[WhiteElo "2714"]
[BlackElo "2313"]
[Result "1-0"]
[Round "02"]
[TimeControl "180+1"]
[Date "2022.07.05"]
[WhiteClock "0:03:01"]
[BlackClock "0:02:27"]

1. e4 e5 2. Nf3 Nc6 3. Nc3 Nf6 4. d4 exd4 5. Nxd4 Bb4 6. Nxc6 bxc6 7. Bd3 d5 8. exd5 cxd5 9. O-O O-O 10. h3 c6 11. Qf3 Bd6 12. Bf4 Rb8 13. b3 h6 14. Rfe1 Qc7 15. Bxh6 Be5 16. Rxe5 Qxe5 17. Bf4 Qxc3 18. Bh7+ Nxh7 19. Qxc3 Rb6 20. Re1 Be6 21. Be5 Rc8 22. Bxg7 1-0


[Site "https://www.chess.com"]

[Event "Titled Tuesday Blitz July 05 Late 2022"]
[White "Yurovskykh, Oleksandr"]
[Black "Sanal, Vahap"]
[WhiteFideId "14134020"]
[BlackFideId "6300545"]
[WhiteElo "2292"]
[BlackElo "2574"]
[Result "0-1"]
[Round "02"]
[TimeControl "180+1"]
[Date "2022.07.05"]
[WhiteClock "0:00:01"]
[BlackClock "0:00:02"]

1. d4 f5 2. Nc3 Nf6 3. Bg5 e6 4. e4 fxe4 5. Nxe4 Be7 6. Bxf6 Bxf6 7. Qh5+ g6 8. Qh6 Qe7 9. Nxf6+ Qxf6 10. Nf3 b6 11. O-O-O Bb7 12. Be2 Nc6 13. h4 O-O-O 14. h5 Nb4 15. a3 Nd5 16. hxg6 hxg6 17. Qg5 Qf4+ 18. Kb1 Qxg5 19. Nxg5 Nf4 20. Bf3 Bxf3 21. gxf3 Rh5 22. Ne4 Rdh8 23. Ng3 Rh2 24. Rxh2 Rxh2 25. Rf1 Nh3 26. Rh1 Rxh1+ 27. Nxh1 Ng5 28. c3 Nxf3 29. Kc2 Kd8 30. Kd3 Ke7 31. Ke3 Nh4 32. Ng3 Nf5+ 33. Kf4 Nxg3 34. fxg3 Kf6 35. g4 g5+ 36. Ke3 d6 37. c4 Ke7 38. Ke4 c6 39. d5 cxd5+ 40. cxd5 Kf6 41. a4 a5 42. Kd4 Ke7 43. Ke4 Kd7 44. Kd4 Ke7 45. Ke4 Kf6 46. Kd4 Kf7 47. Ke4 exd5+ 48. Kxd5 Ke7 49. Kc6 Ke6 50. Kxb6 d5 51. Kxa5 Ke5 52. Kb4 d4 53. Kc4 Ke4 54. a5 d3 55. a6 d2 56. a7 d1=Q 57. a8=Q+ Kf4 58. Qg2 Qc1+ 59. Kb3 Qc8 60. Qe2 Qxg4 61. Qd3 Qf3 62. Kc4 g4 63. Qd6+ Kg5 0-1


[Site "https://www.chess.com"]

[Event "Titled Tuesday Blitz July 05 Late 2022"]
[White "Zajic, Milan"]
[Black "Vakhlamov, Igor L."]
[WhiteFideId "912336"]
[BlackFideId "24126748"]
[WhiteElo "2445"]
[BlackElo "2401"]
[Result "1-0"]
[Round "02"]
[TimeControl "180+1"]
[Date "2022.07.05"]
[WhiteClock "0:00:07"]
[BlackClock "0:00:08"]

1. e4 c5 2. Nf3 Nc6 3. Bb5 Nf6 4. Bxc6 dxc6 5. d3 Bg4 6. Nbd2 Qc7 7. h3 Bh5 8. Nf1 Nd7 9. Ng3 Bg6 10. O-O e6 11. Nh4 Bd6 12. f4 f6 13. Nxg6 hxg6 14. Qg4 Nf8 15. e5 Be7 16. exf6 gxf6 17. Bd2 O-O-O 18. Bc3 b6 19. Rae1 Kb7 20. Ne4 f5 21. Qg3 Bh4 22. Qe3 Bxe1 23. Bxh8 fxe4 24. Rxe1 exd3 25. cxd3 Qf7 26. Bc3 a5 27. a3 Qf5 28. d4 cxd4 29. Bxd4 c5 30. Qf3+ Ka7 31. Be5 Rd5 32. b4 Nd7 33. bxa5 bxa5 34. Qc3 Nxe5 35. Qxa5+ Kb7 36. fxe5 Rxe5 37. Qb5+ Kc7 38. Rb1 Qe4 39. Qb8+ Kc6 40. Qc8+ Kd5 41. Rd1+ Kc4 42. Qa6+ Kc3 43. Qa5+ Kb3 44. Qb5+ Kc3 45. Rc1+ Kd2 46. Qb2+ Kd3 47. Rc3+ Kd4 48. Qd2+ Qd3 49. Qxd3# 1-0


[Site "https://www.chess.com"]

[Event "Titled Tuesday Blitz July 05 Late 2022"]
[White "Zivkovic, Nemanja"]
[Black "Dubov, Daniil"]
[WhiteFideId "942154"]
[BlackFideId "24126055"]
[WhiteElo "2372"]
[BlackElo "2791"]
[Result "0-1"]
[Round "02"]
[TimeControl "180+1"]
[Date "2022.07.05"]
[WhiteClock "0:00:17"]
[BlackClock "0:00:52"]

1. e4 e5 2. Nf3 Nc6 3. Bb5 a6 4. Ba4 Nf6 5. d3 b5 6. Bb3 Be7 7. c3 O-O 8. O-O d5 9. Nbd2 Re8 10. Re1 Bf8 11. a3 Be6 12. Ng5 Bg4 13. Ngf3 Qd7 14. h3 Bh5 15. Qe2 Rad8 16. Bc2 d4 17. Nf1 a5 18. Ng3 Bg6 19. a4 dxc3 20. axb5 Nb4 21. bxc3 Nxc2 22. Qxc2 Qxd3 23. Qxd3 Rxd3 24. Bd2 Ra8 25. Ra4 Bc5 26. Rea1 Bb6 27. Be1 Nd7 28. c4 Nc5 29. R4a3 f6 30. Bb4 Rxa3 31. Rxa3 Nxe4 32. Nxe4 Bxe4 33. Be7 Kf7 34. Nd2 Bf5 35. c5 Kxe7 36. cxb6 cxb6 37. Nc4 Rb8 38. g4 Bd7 39. Rb3 Be6 40. Rc3 Rc8 0-1


[Site "https://www.chess.com"]

[Event "Titled Tuesday Blitz July 05 Late 2022"]
[White "Zlatin, Alexander"]
[Black "Lashkin, Jegor"]
[WhiteFideId "2810549"]
[BlackFideId "13907808"]
[WhiteElo "2228"]
[BlackElo "2368"]
[Result "0-1"]
[Round "02"]
[TimeControl "180+1"]
[Date "2022.07.05"]
[WhiteClock "0:00:05"]
[BlackClock "0:00:47"]

1. d4 Nf6 2. c4 e6 3. g3 d5 4. Nf3 dxc4 5. Bg2 c6 6. O-O b5 7. a4 Bb7 8. Qc2 Nbd7 9. Rd1 a6 10. e4 Be7 11. Nc3 O-O 12. e5 Nd5 13. Ne4 Nb4 14. Qe2 h6 15. Be3 Nd5 16. Qc2 Nxe3 17. fxe3 Qc7 18. b3 cxb3 19. Qxb3 c5 20. Nh4 c4 21. Qc2 b4 22. Qe2 c3 23. Qg4 c2 24. Rf1 Bxe4 25. Bxe4 b3 26. Ng6 Bg5 27. Nxf8 Rxf8 28. Rxf7 Rxf7 29. Qxe6 c1=Q+ 30. Rxc1 Qxc1+ 31. Kg2 Qf1# 0-1


[Site "https://www.chess.com"]

[Event "Titled Tuesday Blitz July 05 Late 2022"]
[White "Andreikin, Dmitry"]
[Black "Pakleza, Zbigniew"]
[WhiteFideId "4158814"]
[BlackFideId "1119290"]
[WhiteElo "2736"]
[BlackElo "2467"]
[Result "1-0"]
[Round "03"]
[TimeControl "180+1"]
[Date "2022.07.05"]
[WhiteClock "0:01:03"]
[BlackClock "0:00:01"]

1. d4 d5 2. c4 c6 3. Nf3 Nf6 4. Qc2 g6 5. cxd5 cxd5 6. Bf4 Nc6 7. e3 Bf5 8. Qb3 Qb6 9. Qxb6 axb6 10. Nc3 Nb4 11. Bb5+ Bd7 12. Ne5 Nc2+ 13. Kd2 Nxa1 14. Nxd5 Nxd5 15. Bxd7+ Kd8 16. Bb5 Nxf4 17. Nxf7+ Kc7 18. Rxa1 Rg8 19. exf4 Bg7 20. Ke3 h6 21. a4 Raf8 22. Rc1+ Kb8 23. Ne5 Bxe5 24. fxe5 Rc8 25. Rc3 g5 26. g3 g4 27. Bc4 Rgf8 28. Bd5 h5 29. f4 gxf3 30. Bxf3 Rxc3+ 31. bxc3 h4 32. gxh4 Kc7 33. h5 Ra8 34. Bd1 Kd7 35. Bc2 Rh8 36. Bg6 Ke6 37. Ke4 Ra8 38. h6 Rxa4 39. Be8 Ra8 40. d5# 1-0


[Site "https://www.chess.com"]

[Event "Titled Tuesday Blitz July 05 Late 2022"]
[White "Arabidze, Meri"]
[Black "Rios Escobar, Adan"]
[WhiteFideId "13604040"]
[BlackFideId "3403645"]
[WhiteElo "2335"]
[BlackElo "2473"]
[Result "0-1"]
[Round "03"]
[TimeControl "180+1"]
[Date "2022.07.06"]
[WhiteClock "0:00:03"]
[BlackClock "0:00:04"]

1. b3 Nf6 2. Bb2 g6 3. g3 Bg7 4. Bg2 O-O 5. Nf3 d6 6. d4 a5 7. O-O a4 8. b4 Nbd7 9. Na3 b6 10. c4 c5 11. dxc5 bxc5 12. b5 Nb6 13. Rc1 Ra7 14. Re1 Be6 15. Ng5 Bg4 16. Nh3 h5 17. Nf4 Qc8 18. h3 Bd7 19. h4 Bg4 20. Qd2 Kh7 21. Rc2 Rd8 22. e4 Bh6 23. Qc3 e5 24. Nd5 Nfxd5 25. cxd5 Bh3 26. Bc1 Bxg2 27. Kxg2 Bxc1 28. Rcxc1 f5 29. exf5 Qxf5 30. Rcd1 Rf8 31. Re2 Raf7 32. Nc4 Nxc4 33. Qxc4 Qf3+ 34. Kg1 Rf4 35. Qc2 Rb4 36. Qd3 Qxd3 37. Rxd3 Rxb5 38. Ra3 Rb4 39. Kg2 Rd4 40. Rb2 Ra8 41. Rf3 Ra7 42. Rb6 Rxd5 43. Rf8 e4 44. Rbb8 Re5 45. Rh8+ Kg7 46. Rbf8 Ree7 47. Rhg8+ Kh6 48. Rh8+ Rh7 49. Rhg8 Rag7 50. Rxg7 Rxg7 51. Rf6 Rd7 52. Re6 d5 53. Re5 c4 54. Kf1 c3 55. Ke2 d4 56. Rxe4 d3+ 57. Ke3 d2 0-1


[Site "https://www.chess.com"]

[Event "Titled Tuesday Blitz July 05 Late 2022"]
[White "Arnold, Ken"]
[Black "Dauner, Benedikt"]
[WhiteFideId "2056836"]
[BlackFideId "16225899"]
[WhiteElo "2280"]
[BlackElo "2230"]
[Result "1-0"]
[Round "03"]
[TimeControl "180+1"]
[Date "2022.07.06"]
[WhiteClock "0:00:09"]
[BlackClock "0:00:17"]

1. d4 Nf6 2. c4 Nc6 3. Nf3 e6 4. d5 Ne7 5. Nc3 Ng6 6. h4 h5 7. Bg5 Bb4 8. Qb3 a5 9. a3 Be7 10. e4 e5 11. c5 Bxc5 12. Bc4 d6 13. Bb5+ Bd7 14. Bxd7+ Qxd7 15. Qxb7 O-O 16. Bxf6 gxf6 17. Qb5 Qg4 18. Qe2 Nf4 19. Qd1 Rab8 20. Rb1 Kh8 21. g3 Nh3 22. Rh2 f5 23. Ng5 Nxg5 24. Qxg4 hxg4 25. hxg5+ Kg7 26. exf5 f6 27. g6 Rh8 28. Rxh8 Rxh8 29. Ke2 Rh5 30. b4 axb4 31. axb4 Bb6 32. Na4 Rxf5 33. Nxb6 cxb6 34. Rc1 e4 35. Rc6 Rxd5 36. Rxb6 Kxg6 37. Rb8 Kf5 38. b5 Rd4 39. b6 Rb4 40. b7 Rb3 41. Rd8 Rxb7 42. Rxd6 Rb2+ 43. Ke3 Rb3+ 44. Ke2 Rb5 45. Rd8 Rc5 46. Rh8 Ke5 47. Re8+ Kd4 48. Rf8 f5 49. Rd8+ Rd5 50. Rc8 Ra5 51. Rd8+ Ke5 52. Re8+ Kf6 53. Rf8+ Ke6 54. Re8+ Kf7 55. Rc8 Ra2+ 56. Ke3 Ra3+ 57. Ke2 Rf3 58. Rc6 Ke7 59. Rg6 Kd7 60. Rf6 Ke7 61. Ra6 Rb3 62. Rg6 Rb4 63. Ra6 Rb5 64. Ke3 Rb3+ 65. Ke2 Kd7 66. Rg6 Rb5 67. Rf6 Re5 68. Ke3 Ke7 69. Ra6 Re6 70. Ra5 Rf6 71. Kf4 Rb6 72. Re5+ Kd7 73. Rxf5 Rb3 74. Kxe4 Ke6 75. Rf4 Rb4+ 76. Ke3 Rb3+ 77. Ke2 Rb2+ 78. Kf1 Rb1+ 79. Kg2 Ke5 80. Rxg4 Kf5 81. Rf4+ Kg5 82. Ra4 Rb2 83. Ra5+ Kf6 84. g4 Rc2 85. Kg3 Rc3+ 86. f3 Rb3 87. Ra6+ Kf7 88. g5 Kg7 89. Kg4 Rb1 90. f4 Rb5 91. Ra4 Rc5 92. f5 Rd5 93. Ra7+ Kg8 94. g6 Rc5 95. Kg5 Rb5 96. Kh6 Rxf5 97. Ra8+ Rf8 98. Rxf8+ Kxf8 99. Kh7 Ke7 100. g7 Kf6 101. g8=Q Ke5 102. Qg6 Kf4 103. Kg7 Ke3 104. Kf6 Kd2 105. Ke5 Kc3 106. Qg3+ Kb2 107. Qe3 Kc2 108. Kd4 Kb1 109. Qe2 Ka1 110. Kc3 Kb1 111. Qb2# 1-0


[Site "https://www.chess.com"]

[Event "Titled Tuesday Blitz July 05 Late 2022"]
[White "Barp, Alberto"]
[Black "Ponkratov, Pavel"]
[WhiteFideId "872555"]
[BlackFideId "4157800"]
[WhiteElo "2229"]
[BlackElo "2502"]
[Result "1-0"]
[Round "03"]
[TimeControl "180+1"]
[Date "2022.07.05"]
[WhiteClock "0:00:20"]
[BlackClock "0:01:41"]

1. d4 Nf6 2. c4 e6 3. g3 c5 4. Nf3 cxd4 5. Nxd4 Nc6 6. Bg2 Qa5+ 7. Nc3 Bb4 8. O-O O-O 9. Nb3 Qh5 10. Bd2 Ne5 11. Nb5 Bxd2 12. Nxd2 Nxc4 13. Nc7 Nxd2 14. Qxd2 Rb8 15. Qd6 Ng4 16. h3 Qe5 17. Rfd1 Qxd6 18. Rxd6 Nf6 19. Rc1 b6 20. e4 e5 21. Nd5 Nxd5 22. Rxd5 f6 23. Rc7 Rb7 24. Rxb7 Bxb7 25. Rxd7 Rb8 26. Bf1 Bxe4 27. Bc4+ Kh8 28. Rxa7 h6 29. Kf1 Rd8 30. Ke2 Bf5 31. g4 Bb1 32. a4 h5 33. Rb7 Rd6 34. gxh5 Kh7 35. Bf7 Be4 36. Rb8 Bd3+ 37. Ke3 Bf5 38. b4 Rd7 39. Bg6+ Bxg6 40. hxg6+ Kxg6 41. Rxb6 Rd1 42. a5 Ra1 43. a6 Kf5 44. b5 Ra3+ 45. Ke2 Ke4 46. Rb7 Ra2+ 47. Kd1 Kd3 48. Kc1 Kc3 49. Kb1 Kb3 50. a7 Rxf2 51. Rc7 Rb2+ 52. Kc1 Ra2 53. b6 1-0


[Site "https://www.chess.com"]